 Dungeon Crawl Stone Soup version 0.25.1-2-g60ff931df9 (webtiles) character file.

Game seed: 595284767901362896

172 DearestLeader the Conjurer (level 5, -5/28 HPs)
             Began as a Deep Elf Conjurer on Sept 14, 2020.
             Killed from afar by an orc wizard (6 damage)
             ... with a magic dart
             ... on level 4 of the Dungeon.
             The game lasted 00:06:35 (2888 turns).

DearestLeader the Conjurer (Deep Elf Conjurer)      Turns: 2888, Time: 00:06:36

Health: -5/28      AC:  3    Str:  5    XL:     5   Next: 27%
Magic:  9/11       EV: 12    Int: 21    God:
Gold:   178        SH:  0    Dex: 15    Spells: 3/10 levels left

rFire    . . .     SeeInvis .   i - +0 whip
rCold    . . .     Gourm    .   (no shield)
rNeg     . . .     Faith    .   a - +0 robe
rPois    .         Spirit   .   (no helmet)
rElec    .         Reflect  .   d - +0 cloak
rCorr    .         Harm     .   (no gloves)
MR       .....                  (no boots)
Stlth    ++........             (no amulet)
HPRegen  0.09/turn              (no ring)
MPRegen  0.12/turn              (no ring)

@: slowed, heavily drained, very slow
A: no striking features
a: no special abilities


You were on level 4 of the Dungeon.
You were not hungry.

You visited 1 branch of the dungeon, and saw 4 of its levels.

You collected 178 gold pieces.

Inventory:

Hand Weapons
 i - a +0 whip (weapon)
Armour
 a - a +0 robe (worn)
 d - a +0 cloak (worn)
 h - a +0 buckler
Wands
 r - a wand of flame (18)
Scrolls
 e - a scroll of immolation {unknown}
 g - 4 scrolls of identify {unknown}
 j - a scroll of remove curse
 k - 3 scrolls of teleportation
 n - a scroll of magic mapping {unknown}
 p - 2 scrolls of random uselessness {unknown}
 q - a scroll of fog {unknown}
 u - a scroll of enchant armour {unknown}
Potions
 b - 2 potions of curing {unknown}
 f - 2 potions of degeneration {unknown}
 l - a potion of haste {unknown}
 o - a potion of ambrosia {unknown}
 s - 2 potions of might {unknown}
 t - a potion of brilliance {unknown}
Comestibles
 c - 9 rations


   Skills:
 - Level 2.4(1.2) Dodging
 - Level 2.4(1.2) Stealth
 - Level 3.0(1.7) Spellcasting
 * Level 7.3(5.9) Conjurations


You had 3 spell levels left.
You knew the following spells:

 Your Spells              Type           Power        Failure   Level  Hunger
a - Magic Dart            Conj           ####         1%          1    #......
b - Searing Ray           Conj           ####..       1%          2    ###....
c - Fulminant Prism       Conj/Hex       ##........   41%         4    #####..

Your spell library contained the following spells:

 Spells                   Type           Power        Failure   Level  Hunger
 Dazzling Flash           Conj/Hex       ##....       14%         3    ###....
 Iskenderun's Mystic Bla  Conj/Tloc      ##......     41%         4    #####..


Dungeon Overview and Level Annotations

Branches:
Dungeon (4/15)
 Temple: D:4-7

Altars:
Hepliaklqana
Sif Muna
Trog

Annotations:
D:4 Blork the orc


Message History

The puff of frost misses you. Blork the orc casts a spell at you.
The magic dart hits you!
* * * LOW HITPOINT WARNING * * *
The orc wizard misses you.
Casting: Magic Dart (safe; 1% risk of failure)
Confirm with . or Enter, or press ? or * to list all spells.
Aiming: Searing Ray (safe; 2% risk of failure)
Press: ? - help, Shift-Dir - straight line, f/p - orc wizard
Aim: an orc wizard, wielding a +0 dagger and wearing a cursed +0 robe (moderately wounded, fast)
The searing ray hits the orc wizard!
You kill the orc wizard!
The searing ray misses the orc wizard. (Press . to maintain the ray.) Blork the orc barely misses you.
The orc hits you with a +0 whip.
* * * LOW HITPOINT WARNING * * *
Blork the orc completely misses you. The orc wizard barely misses you.
The orc wizard points at you and mumbles some strange words.
The magic dart hits you.
You die...

#......^....#......#....
#...........'......#....
#.......##+##.....)#....
#.......# ##.....#..##
.....#####'##
#.....##### ####
#....o.# #.....# #.
#...ooo# #.....# #.
#......# #.....#####
#....@.# ##+#.o..###
#......# #..#....#..
#......# #..'....# .
.........# #..#....# .
.....$...# ####....###
.........# ###'#....
.........# #...#....
.........# #...#....
#...#....


You could see Blork the orc, an orc wizard (fast) and 2 orcs.

Vanquished Creatures
  A worker ant (D:4)
  An orc wizard (D:4)
  4 adders (D:2)
  3 worms
  3 dart slugs
  3 leopard geckos
  5 orcs (D:3)
  A ball python (D:2)
  9 bats
  5 giant cockroaches
  4 hobgoblins
  5 kobolds
  A quokka (D:2)
  3 frilled lizards
  7 goblins
  14 rats
69 creatures vanquished.

Notes
Turn   | Place    | Note
-------+----------+-------------------------------------------
     0 | D:1      | DearestLeader the Deep Elf Conjurer began the quest for the
                  | Orb.
     0 | D:1      | Reached XP level 1. HP: 10/10 MP: 6/6
   267 | D:1      | Reached XP level 2. HP: 15/15 MP: 2/8
   353 | D:1      | Reached skill level 5 in Conjurations
   999 | D:1      | Learned a level 2 spell: Searing Ray
  1121 | D:2      | Reached XP level 3. HP: 19/19 MP: 5/9
  1331 | D:2      | Reached skill level 6 in Conjurations
  1486 | D:2      | Reached XP level 4. HP: 24/24 MP: 5/10
  1539 | D:2      | Found a shimmering blue altar of Sif Muna.
  1842 | D:2      | Noticed a moth of wrath
  1855 | D:2      | Found a bloodstained altar of Trog.
  2356 | D:3      | Found a faded altar of an unknown god.
  2395 | D:3      | Found a hazy altar of Hepliaklqana.
  2617 | D:4      | Reached skill level 7 in Conjurations
  2617 | D:4      | Reached XP level 5. HP: 28/28 MP: 4/11
  2694 | D:4      | Learned a level 4 spell: Fulminant Prism
  2883 | D:4      | Noticed Blork the orc
  2887 | D:4      | HP: 1/28 [orc/+0 whip (1)]
  2888 | D:4      | Killed from afar by an orc wizard

Illustrated notes

Levels and vault maps discovered:
D:1:      doesnt_arrival_eight_statues, layout_basic, minmay_misc_feat_rows,
          minmay_distorted
D:2:      layout_rooms, nicolae_overflow_crystal_walls, tgw_trog, first_ration
D:3:      layout_rooms, lemuel_round_altar, chequers_ecumenical_altar_simple
D:4:      layout_gridville, nicolae_overflow_hidden_temple,
          kennysheep_generic_room_14, uniq_crazy_yiuf_cottage,
          uniq_blork_the_orc

Skill      XL: |  1  2  3  4 |
---------------+-------------+-----
Conjurations   | 5 6 7 |  7.3
Dodging        | |  2.4
Stealth        | |  2.4
Spellcasting   | |  3.0

Action                   |  1- 3 |  4- 6 || total
-------------------------+-------+-------++-------
Melee: Unarmed           |     1 |       ||     1
       Whip              |     1 |       ||     1
 Cast: Magic Dart        |    64 |    45 ||   109
       Searing Ray       |     4 |     5 ||     9
  Use: Scroll            |       |     2 ||     2
  Eat: Chunk             |     2 |     4 ||     6
Armor: Robe              |     4 |     3 ||     7
Dodge: Dodged            |    10 |    18 ||    28
